 Dungeon Crawl Stone Soup version 0.30-a0-918-g0ff054e9dc (webtiles) character file.

Game seed: 14543817359873564103

1546 theswoord the Spear-Bearer (level 8, -3/46 HPs)
             Began as a Gargoyle Berserker on Mar 20, 2023.
             Was a Priest of Trog.
             Slain by a killer bee (6 damage)
             ... on level 6 of the Dungeon.
             The game lasted 00:07:17 (4620 turns).

theswoord the Spear-Bearer (Gargoyle Berserker)     Turns: 4620, Time: 00:07:18

Health: -3/46      AC: 15    Str: 24    XL:     8   Next: 87%
Magic:  8/8        EV:  8    Int:  7    God:    Trog [***...]
Gold:   351        SH:  0    Dex:  9    Spells: 7/7 levels left

rFire   . . .      SeeInvis .    n - +1 scythe
rCold   . . .      Faith    .    (shield currently unavailable)
rNeg    + . .      Spirit   .    c - +0 chain mail
rPois   ∞          Reflect  .    e - +0 helmet
rElec   +          Rampage  .    o - scarf {harm}
rCorr   .          Harm     + .  (no gloves)
Will    .....                    (no boots) Stlth
                                 j - amulet of the acrobat
HPRegen 0.27/turn                (no ring)
MPRegen 0.11/turn                (no ring)

@: no status effects
A: sickness immunity, AC +5, negative energy resistance 1, electricity
resistance, torment resistance 1, petrification resistance
a: Renounce Religion, Berserk, Trog's Hand


You were on level 6 of the Dungeon.
You worshipped Trog.
Trog was most pleased with you.
You visited 1 branch of the dungeon, and saw 7 of its levels.

You collected 351 gold pieces.

Inventory:

Hand Weapons
 a - a +0 spear of venom
 h - a +2 spear of flaming
 i - a +0 trident of flaming
 n - a +1 scythe (weapon)
Armour
 b - a +0 animal skin
 c - a +0 chain mail (worn)
 e - a +0 helmet (worn)
 o - a scarf of harm (worn)
Jewellery
 j - an amulet of the acrobat (around neck)
 v - a +6 ring of dexterity
Wands
 f - a wand of digging (1)
 s - a wand of roots (4)
 t - a wand of charming (13)
Scrolls
 d - 2 scrolls of fog
Potions
 g - 2 potions of curing
 k - a potion of degeneration
 l - a potion of might {unknown}
 m - 3 potions of mutation
 p - a potion of magic {unknown}
 q - a potion of heal wounds {unknown}
 r - a potion of resistance {unknown}
 u - a potion of haste
 w - a potion of attraction {unknown}


   Skills:
 - Level 3.2 Fighting
 + Level 10.3 Polearms
 - Level 2.1 Armour
 - Level 1.5 Dodging


You had 7 spell levels left.
You didn't know any spells.
Your spell library was empty.

Dungeon Overview and Level Annotations

Branches:
Dungeon (7/15)             Temple (0/1) D:6

Altars:
Dithmenos
The Shining One

Shops:
D:1 [


Innate Abilities, Weirdness & Mutations

You are immune to sickness and miasma.
Your stone body is resilient. (AC +5)
You are immune to poison.
You resist negative energy. (rN+)
You are resistant to electric shocks. (rElec)
You are resistant to unholy torment.
You are immune to petrification.


Message History

You closely miss the killer bee. The killer bee barely misses you.
The killer bee stings you but does no damage.
You barely miss the killer bee.
The killer bee stings you but does no damage. x2
You puncture the killer bee!
You kill the killer bee!
Trog accepts your kill.
The killer bee seems to regain its courage.
The killer bee stings you but does no damage.
You closely miss the killer bee. The killer bee stings you.
* * * LOW HITPOINT WARNING * * *
The killer bee stings you but does no damage.
You slice the killer bee!!
You kill the killer bee!
Trog accepts your kill.
The killer bee stings you but does no damage.
You closely miss the killer bee. The killer bee barely misses you.
You closely miss the killer bee. The killer bee barely misses you.
The killer bee closely misses you.
You miss the killer bee. The killer bee stings you.
* * * LOW HITPOINT WARNING * * *
The killer bee stings you but does no damage.
You miss the killer bee. The killer bee closely misses you.
The killer bee barely misses you.
You barely miss the killer bee. The killer bee barely misses you.
The killer bee stings you but does no damage.
You barely miss the killer bee. The killer bee barely misses you.
The killer bee stings you but does no damage.
You puncture the killer bee! The killer bee barely misses you.
The killer bee stings you but does no damage.
You closely miss the killer bee. The killer bee closely misses you.
The killer bee stings you but does no damage.
You completely miss the killer bee. The killer bee stings you.
* * * LOW HITPOINT WARNING * * *
The killer bee stings you but does no damage.
You closely miss the killer bee.
The killer bee stings you but does no damage.
The killer bee closely misses you.
You miss the killer bee. The killer bee stings you.
You die...

..........##.#####.....##.....###
..##.....###.# ##.###......###
########## #.####..##........##
#.#....##..........###
#.#.##........###...##
#........########.....
#########>.[.................
#####............†.....##########
...............y@......#
..###.............###.####
#...............†.# #.#..####
#..########.......# #.......#
..## ######### ###.....#### ###
##.....#.# ##......## ###......
##.....


You could see a killer bee.

Vanquished Creatures
  Sigmund (D:2)
  An ice beast (D:6)
  3 ogres
  Blork the orc (D:5)
  A kobold brigand (D:4)
  2 scorpions
  4 killer bees (D:6)
  A howler monkey (D:4)
  A jelly (D:6)
  2 orc priests
  3 hounds
  3 sleepcaps
  Terence (D:2)
  2 iguanas (D:4)
  3 orc wizards
  Robin (D:2)
  4 adders
  A shadow imp (D:5)
  2 white imps (D:6)
  A worm (D:3)
  A dart slug (D:1)
  8 orcs
  8 ball pythons
  3 endoplasms
  2 giant cockroaches (D:1)
  14 goblins
  12 hobgoblins
  4 jackals (D:3)
  4 kobolds
  8 quokkas
  3 bats
  2 frilled lizards
  7 rats
114 creatures vanquished.

Notes
Turn   | Place    | Note
-------+----------+-------------------------------------------
     0 | D:1      | theswoord the Gargoyle Berserker began the quest for the
                  | Orb.
     0 | D:1      | Reached XP level 1. HP: 14/14 MP: 1/1
    29 | D:1      | Reached skill level 3 in Polearms
    97 | D:1      | Found Tainigu's Antique Armour Emporium.
   153 | D:1      | Reached XP level 2. HP: 18/19 MP: 2/2
   381 | D:1      | Reached XP level 3. HP: 23/23 MP: 3/3
   666 | D:2      | Noticed Terence
   680 | D:2      | Killed Terence
   681 | D:2      | Reached skill level 4 in Polearms
   795 | D:2      | Reached ** piety under Trog
  1126 | D:2      | Reached XP level 4. HP: 28/28 MP: 4/4
  1372 | D:2      | Noticed Sigmund
  1380 | D:2      | Killed Sigmund
  1381 | D:2      | Reached skill level 5 in Polearms
  1381 | D:2      | Reached XP level 5. HP: 32/32 MP: 5/5
  1396 | D:2      | Noticed Robin
  1425 | D:2      | Reached XP level 6. HP: 29/37 MP: 6/6
  1429 | D:2      | Killed Robin
  1430 | D:2      | Reached skill level 6 in Polearms
  1508 | D:3      | Found a faded altar of an unknown god.
  2544 | D:4      | Reached skill level 7 in Polearms
  2544 | D:4      | Reached XP level 7. HP: 33/41 MP: 7/7
  3134 | D:4      | Reached *** piety under Trog
  3307 | D:5      | Entered Level 5 of the Dungeon
  3333 | D:5      | Reached skill level 8 in Polearms
  3396 | D:5      | Noticed Blork the orc
  3403 | D:5      | Killed Blork the orc
  3404 | D:5      | Reached XP level 8. HP: 27/46 MP: 8/8
  3550 | D:5      | Found a shadowy altar of Dithmenos.
  3714 | D:5      | Reached skill level 9 in Polearms
  4105 | D:6      | Found a glowing golden altar of the Shining One.
  4194 | D:6      | Found a staircase to the Ecumenical Temple.
  4597 | D:6      | Reached skill level 10 in Polearms
  4618 | D:6      | HP: 2/46 [killer bee (7)]
  4620 | D:6      | Slain by a killer bee

Skill      XL: |  1  2  3  4  5  6  7  8 |
---------------+-------------------------+-----
Polearms       | 3 4 5 7 8 10 | 10.3
Fighting       | |  3.2
Armour         | |  2.1
Dodging        | |  1.5

Action                     |  1- 3 |  4- 6 |  7- 9 || total
---------------------------+-------+-------+-------++-------
  Melee: Spear             |   100 |    22 |       ||   122
         Punch             |     2 |     1 |       ||     3
         Halberd           |       |    88 |    84 ||   172
         Trident           |       |    22 |    75 ||    97
 Invoke: Berserk           |       |     2 |     1 ||     3
         Trog's Hand       |       |     1 |       ||     1
    Use: Scroll            |     4 |     6 |     4 ||    14
         Potion            |       |     2 |     1 ||     3
 Armour: Animal skin       |     8 |       |       ||     8
         Chain mail        |    45 |   108 |   118 ||   271
  Dodge: Dodged            |    28 |    78 |    85 ||   191

Levels and vault maps discovered:
D:1:      dpeg_arrival_renting, layout_rooms, serial_shops, shop,
          minmay_pentomino_u4
D:2:      layout_basic, patterned_corridor, uniq_robin, uniq_terence,
          uniq_sigmund
D:3:      layout_basic, hellmonk_ecumenical_altar_dog_temple, st_stairs_2,
          minivault_11
D:4:      layout_basic
D:5:      layout_rooms, nicolae_dithmenos_through_a_glass_darkly,
          uniq_blork_the_orc
D:6:      layout_rooms, nicolae_tso_carved_into_rock, temple_doors_e, hex_medium
D:7:      layout_basic, mainiacjoe_overflow_catwalk, serial_undead,
          serial_undead_d, serial_undead_b, serial_undead_c, serial_undead_d,
          serial_shops, nicolae_stop_n_shop_2, minivault_5
